 Dungeon Crawl Stone Soup version 0.29.1-1-gd02db6906a (webtiles) character file.

Game seed: 17808778411510832665

56 RascalDebosk the Magician (level 4, -3/32 HPs)
             Began as a Djinni Conjurer on Oct 22, 2022.
             Shot with a sling bullet by a goblin (4 damage)
             ... on level 2 of the Dungeon.
             The game lasted 00:07:19 (1322 turns).

RascalDebosk the Magician (Djinni Conjurer)         Turns: 1322, Time: 00:07:20

Health: -3/32      AC:  5    Str:  6    XL:     4   Next: 17%
Gold:   51         EV: 12    Int: 22    God:
                   SH:  0    Dex: 11

rFire   + + .      SeeInvis .   g - +0 falchion
rCold   x . .      Faith    .   (no shield)
rNeg    . . .      Spirit   .   a - +0 robe
rPois   ∞          Reflect  .   (no helmet)
rElec   .          Harm     .   e - +2 cloak {rCorr}
rCorr   +          Rampage  .   (no gloves)
Will    .....                   (boots unavailable)
Stlth   ++........              (no amulet)
HPRegen 0.10/turn               (no ring)
MPRegen 0.00/turn               (no ring)

@: flying
A: sickness immunity, fire resistance 2, cold vulnerability 1, float, innate
caster, HP casting, extra vitality 1
a: no special abilities


You were on level 2 of the Dungeon.
You visited 1 branch of the dungeon, and saw 2 of its levels.

You collected 51 gold pieces.

Inventory:

Hand Weapons
 g - a +0 falchion (weapon)
Armour
 a - a +0 robe (worn)
 e - a +2 cloak of preservation (worn)
Scrolls
 c - 2 scrolls of identify {unknown}
 f - a scroll of immolation {unknown}
Potions
 b - 2 potions of might {unknown}
 d - a potion of ambrosia {unknown}
 h - a potion of heal wounds {unknown}
 i - a potion of mutation {unknown}


   Skills:
 + Level 1.4 Fighting
 + Level 2.9 Dodging
 - Level 1.5 Stealth
 * Level 3.8 Spellcasting


You couldn't memorise any spells.
You knew the following spells:

 Your Spells              Type           Power      Damage    Failure   Level
a - Magic Dart            Conj           84%        1d7       2%          1
b - Searing Ray           Conj           42%        2d6       3%          2
c - Dazzling Flash        Conj/Hex       42%        N/A       7%          3
d - Fulminant Prism       Conj/Hex       10%        3d9       22%         4
e - Iskenderun's Mystic   Conj/Tloc      21%        2d6       22%         4
f - Beastly Appendage     Tmut           42%        N/A       2%          1
Your spell library was empty.

Dungeon Overview and Level Annotations

Branches:
Dungeon (2/15)

Altars:

Shops:
D:1 ?


Innate Abilities, Weirdness & Mutations

You are immune to sickness and miasma.
You are immune to poison.
Your flesh is very heat resistant. (rF++)
You are vulnerable to cold. (rC-)
You float through the air rather than walking.
You learn spells naturally, not from books.
Your magical power is your life essence.
You have superior vitality. (+4 MHP)


Message History

The spell is extremely dangerous to miscast (24% risk of failure)!
Continue anyway?
You miscast Iskenderun's Mystic Blast.
You are very lightly contaminated with residual magic.
A wave of violent energy washes through your body!
The hobgoblin shouts!
The rat closely misses you.
Casting: Iskenderun's Mystic Blast (extremely dangerous; 24% risk of failure)
Confirm with . or Enter, or press ? or * to list all spells.
The spell is extremely dangerous to miscast (24% risk of failure)!
Continue anyway?
You miscast Iskenderun's Mystic Blast.
Space bends around you.
You are magically locked in place.
* * * LOW HITPOINT WARNING * * *
The hobgoblin closely misses you. The rat completely misses you.
Casting: Iskenderun's Mystic Blast (extremely dangerous; 24% risk of failure)
Confirm with . or Enter, or press ? or * to list all spells.
The spell is extremely dangerous to miscast (24% risk of failure)!
Continue anyway?
You erupt in a blast of force!
The mystic blast hits the endoplasm!
You kill the endoplasm!
The mystic blast hits the rat!
You kill the rat!
The mystic blast hits the goblin.
The goblin is severely wounded.
The goblin is knocked back by the mystic blast.
The goblin slams into the rock wall!
You kill the goblin!
The mystic blast hits the hobgoblin.
You kill the hobgoblin!
* * * LOW HITPOINT WARNING * * *
You hear a shout!
You cannot move.
A hobgoblin is nearby!
A hobgoblin is nearby!
A hobgoblin is nearby!
You cannot move.
You cannot move.
Unknown command.
You cannot move.
A hobgoblin is nearby!
You are no longer locked in place.
c - 2 scrolls labelled ZAOBIUXT SUYLO (gained 1)
A hobgoblin is nearby!
You see here a rat corpse.
Aiming: Magic Dart (safe; 2% risk of failure)
Press: ? - help, Q - select action, (/) - cycle Shift-Dir - straight line, f - kobold
Aim: a kobold, wielding a +0 whip and quivering stones (100% to hit)
The magic dart hits the kobold.
The kobold is moderately wounded.
* * * LOW HITPOINT WARNING * * *
Aiming: Magic Dart (safe; 2% risk of failure)
Press: ? - help, Q - select action, (/) - cycle Shift-Dir - straight line, f/p - kobold
Aim: a kobold, wielding a +0 whip and quivering stones (moderately wounded, 100% to hit)
The magic dart hits the kobold.
You kill the kobold!
* * * LOW HITPOINT WARNING * * *
Found a robe.
The hobgoblin misses you.
You hit the hobgoblin.
The hobgoblin is heavily wounded.
The hobgoblin barely misses you.
You barely miss the hobgoblin.
The hobgoblin is heavily wounded.
The hobgoblin closely misses you.
You barely miss the hobgoblin.
The hobgoblin is moderately wounded.
The hobgoblin closely misses you.
You hit the hobgoblin.
The hobgoblin is almost dead.
The hobgoblin barely misses you.
A goblin opens the door.
The hobgoblin hits you.
* * * LOW HITPOINT WARNING * * *
You closely miss the hobgoblin.
The hobgoblin is almost dead.
The hobgoblin hits you.
* * * LOW HITPOINT WARNING * * *
You barely miss the hobgoblin.
The hobgoblin is almost dead.
The hobgoblin hits you.
* * * LOW HITPOINT WARNING * * *
You hit the hobgoblin but do no damage.
The hobgoblin is almost dead.
The hobgoblin hits you but does no damage. x2
Aiming: Magic Dart (safe; 2% risk of failure)
Press: ? - help, Q - select action, (/) - cycle Shift-Dir - straight line, f - hobgoblin
Aim: a hobgoblin (almost dead, 100% to hit)
The magic dart hits the hobgoblin but does no damage.
The hobgoblin is almost dead.
* * * LOW HITPOINT WARNING * * *
The hobgoblin closely misses you.
Aiming: Magic Dart (safe; 2% risk of failure)
Press: ? - help, Q - select action, (/) - cycle Shift-Dir - straight line, f/p - hobgoblin
Aim: a hobgoblin (almost dead, 100% to hit)
The magic dart hits the hobgoblin.
You kill the hobgoblin!
* * * LOW HITPOINT WARNING * * *
Your magical contamination has completely faded away.
The goblin unwields a +0 club.
The goblin wields a +0 sling.
The goblin shoots a sling bullet.
The sling bullet closely misses you.
The goblin shoots a sling bullet.
The sling bullet hits you.
You die...

#### #.....#.# ######..
...#..#.# #.....)#
.#..#..#.# #......#
#.........# #......# #
##.#..... #......#
##....... #......##
#......<. #....#†)##
#.#####.# #..@###..# ..#
#.# ###.##"##.###.# #.#
#.###....#.#....#.# #.#
#.[...#.##.##.#...#####.#
#.#.†####...####........#
#g##(...[...?##.#.#####
#..##'#...####.........
##.K#K##.##.#..#.#.....
......#.#.......#.....


You could see a goblin and 2 kobolds.

Vanquished Creatures
  A gnoll (D:1)
  A worm (D:2)
  A dart slug (D:1)
  4 bats
  3 endoplasms
  2 giant cockroaches (D:2)
  6 goblins
  5 hobgoblins
  2 jackals (D:1)
  A kobold (D:2)
  2 quokkas (D:1)
  2 ball pythons (D:1)
  3 frilled lizards
  7 rats
40 creatures vanquished.

Notes
Turn   | Place    | Note
-------+----------+-------------------------------------------
     0 | D:1      | RascalDebosk the Djinni Conjurer began the quest for the
                  | Orb.
     0 | D:1      | RascalDebosk set off with the following spells memorised:
                  | Magic Dart, Searing Ray, Dazzling Flash, Fulminant Prism,
                  | Iskenderun's Mystic Blast.
     0 | D:1      | Reached XP level 1. HP: 15/15 MP: 0/0
    44 | D:1      | Found a faded altar of an unknown god.
    91 | D:1      | Reached XP level 2. HP: 12/22 MP: 0/0
   337 | D:1      | Reached skill level 1 in Fighting
   373 | D:1      | Reached XP level 3. HP: 24/27 MP: 0/0
   373 | D:1      | Learned a level 1 spell: Beastly Appendage
   693 | D:1      | Found Akeriucw's Magic Scroll Emporium.
  1175 | D:2      | Reached XP level 4. HP: 23/32 MP: 0/0
  1322 | D:2      | Shot with a sling bullet by a goblin

Illustrated notes

Levels and vault maps discovered:
D:1:      minmay_arrival_three_doors, layout_basic, serial_shops, shop,
          shapermc_ecumenical_altar_starsandcircs
D:2:      layout_loops_cross, serial_forest, infiniplex_forest_lined_1,
          infiniplex_forest_straight_1, infiniplex_forest_straight_2,
          infiniplex_forest_straight_3, infiniplex_forest_clump_tiny,
          infiniplex_forest_end_double, infiniplex_forest_lined_2,
          minmay_fractal_squares_gapless_5

Skill      XL: |  1  2 |
---------------+-------+-----
Fighting       | 1 |  1.4
Dodging        | |  2.9
Stealth        | |  1.5
Spellcasting   | |  3.8

Action                   |  1- 3 |  4- 6 || total
-------------------------+-------+-------++-------
Melee: Falchion          |       |     7 ||     7
 Cast: Magic Dart        |    73 |     6 ||    79
       Iskenderun's Myst |       |     1 ||     1
Armor: Robe              |       |     4 ||     4
Dodge: Dodged            |     1 |    11 ||    12
